 Dungeon Crawl Stone Soup version 0.29-a0-551-gffc1d7fb78 (webtiles) character file.

Game seed: 11243921776947689262

6495 ultragoat the Geomancer (level 11, -9/62 HPs)
             Began as a Gargoyle Earth Elementalist on June 5, 2022.
             Was a Believer of Vehumet.
             Shot with an arrow by a centaur warrior (12 damage)
             ... on level 9 of the Dungeon.
             The game lasted 02:07:36 (9516 turns).

ultragoat the Geomancer (GrEE)                      Turns: 9516, Time: 02:07:37

Health: -9/62      AC: 16    Str: 13    XL:     11   Next: 0%
Magic:  19/19      EV: 12    Int: 19    God:    Vehumet [**....]
Gold:   700        SH:  0    Dex: 10    Spells: 7/21 levels left

rFire   . . .      SeeInvis +   y - +10 short sword "Testudine's Death Toll" {vorpal, SInv}
rCold   . . .      Faith    .   (no shield)
rNeg    + . .      Spirit   .   e - +2 robe {Archmagi}
rPois   ∞          Reflect  .   (no helmet)
rElec   +          Harm     .   A - +2 cloak
rCorr   .          Rampage  .   (no gloves)
Will    .....      Archmagi +   o - +0 pair of boots
Stlth   ++........              j - amulet of magic regeneration
HPRegen 0.20/turn               m - ring of flight
MPRegen 0.56/turn               r - ring of see invisible

@: about to teleport, flying
A: sickness immunity, AC +8, negative energy resistance 1, electricity
resistance, torment resistance 1, petrification resistance
a: Renounce Religion


You were on level 9 of the Dungeon.
You worshipped Vehumet.
Vehumet was pleased with you.
You visited 2 branches of the dungeon, and saw 10 of its levels.

You collected 700 gold pieces.

Inventory:

Hand Weapons
 d - the +9 dagger "Dessihuz" {flame, rPois}
   (You found it on level 8 of the Dungeon)

   It burns those it strikes, dealing additional fire damage.
   rPois:     It protects you from poison.
 y - the +10 short sword "Testudine's Death Toll" (weapon) {vorpal, SInv}
   (You found it on level 6 of the Dungeon)

   It inflicts extra damage upon your enemies.
   SInv:      It lets you see invisible.
Missiles
 a - 148 stones
 h - 4 throwing nets
Armour
 e - a +2 robe of the Archmagi (worn)
 l - +0 acid dragon scales
 o - a +0 pair of boots (worn)
 A - a +2 cloak (worn)
Jewellery
 j - an amulet of magic regeneration (around neck)
 m - a ring of flight (left hand)
 r - a ring of see invisible (right hand)
 B - an amulet of faith
Wands
 c - a wand of digging (2)
 g - a wand of iceblast (3)
 i - a wand of flame (14)
 k - a wand of polymorph (8)
Scrolls
 f - 2 scrolls of magic mapping
 D - 2 scrolls of fear
Potions
 q - 2 potions of magic
 s - 2 potions of curing
 t - a potion of might
 u - a potion of flight
 w - a potion of brilliance {unknown}
 x - 3 potions of mutation
 z - 2 potions of ambrosia {unknown}
Miscellaneous
 n - a box of beasts


   Skills:
 - Level 4.6 Fighting
 + Level 4.5 Short Blades
 - Level 3.5 Dodging
 - Level 2.8 Stealth
 * Level 5.9 Spellcasting
 - Level 5.1 Conjurations
 - Level 5.7 Hexes
 - Level 6.2 Transmutations
 - Level 0.1 Ice Magic
 - Level 9.0 Earth Magic


You had 7 spell levels left.
You knew the following spells:

 Your Spells              Type           Power      Damage    Failure   Level
a - Sandblast             Erth           100%       2d20      1%          1
b - Passwall              Tmut/Erth      42%        N/A       1%          2
c - Stone Arrow           Conj/Erth      96%        3d13      1%          3
d - Petrify               Tmut/Erth      51%        N/A       4%          4
e - Leda's Liquefaction   Hex/Erth       25%        N/A       5%          4

Your spell library contained the following spells:

 Spells                   Type           Power      Damage    Failure   Level
 Scorch                   Fire           16%        2d6       17%         2
 Wereblood                Tmut           43%        N/A       1%          2
 Foxfire                  Conj/Fire      88%        2x1d8     4%          1
 Inner Flame              Hex/Fire       24%        N/A       11%         3
 Portal Projectile        Hex/Tloc       48%        N/A       11%         3
 Conjure Flame            Conj/Fire      22%        6-21      12%         3
 Poisonous Vapours        Pois/Air       16%        N/A       17%         2
 Ice Form                 Ice/Tmut       26%        N/A       30%         4
 Call Canine Familiar     Summ           8%         N/A       34%         3
 Flame Wave               Conj/Fire      22%        2d7       36%         4
 Hailstorm                Conj/Ice       23%        3d7       36%         4
 Corpse Rot               Necr/Pois/Air  8%         N/A       75%         4
 Simulacrum               Ice/Necr       4%         N/A       100%        6
 Summon Hydra             Summ           4%         N/A       100%        7
 Chain Lightning          Conj/Air       11%        3d14      100%        9
 Fire Storm               Conj/Fire      11%        8d3       100%        9
 Shatter                  Erth           28%        3d23*     100%        9
 Sublimation of Blood     Necr           Unusable   N/A       N/A         2

Dungeon Overview and Level Annotations

Branches:
Dungeon (9/15)             Temple (1/1) D:5            Lair (0/6) D:8
    Orc: D:9-12

Altars:
Ashenzari
Cheibriados
Dithmenos
Elyvilon
Fedhas
Gozag
Hepliaklqana
Kikubaaqudgha
Makhleb
Nemelex Xobeh
Qazlal
Ru
Sif Muna
Trog
Uskayaw
Vehumet
Wu Jian
Xom
Yredelemnul
The Shining One

Shops:
D:1 (

Annotations:
D:4 3 runed translucent doors, jifgo's ghost, novice GrFi
D:5 exclusion: downstairs


Innate Abilities, Weirdness & Mutations

You are immune to sickness and miasma.
Your stone body is resilient. (AC +8)
You are immune to poison.
You resist negative energy. (rN+)
You are resistant to electric shocks. (rElec)
You are resistant to unholy torment.
You are immune to petrification.


Message History

Pikel stops moving altogether!
The helpless Pikel fails to defend himself.
You impale Pikel!!
You kill Pikel!
Vehumet accepts your kill.
You feel your power returning.
With Pikel's spell broken, his former minions thank you for their freedom.
The lemure departs this earthly plane. x2
You have reached level 11!
Things that are here:
a +1 whip of flaming; a +0 robe; the kobold corpse of Pikel
Okay, then.
You now have 700 gold pieces (gained 14).
A centaur comes into view.
It is wielding a +2 war axe of electrocution and carrying a wand of flame (6).
The centaur zaps a wand.
The puff of flame misses you.
Casting: Stone Arrow (safe; 1% risk of failure)
Confirm with . or Enter, or press ? or * to list all spells.
Aiming: Petrify (dangerous; 4% risk of failure)
Press: ? - help, Shift-Dir - straight line, f - centaur
Aim: a centaur, wielding a +2 war axe of electrocution and carrying a wand of flame (5) (chance to affect: 71%)
You feel a surge of power!
The centaur is moving more slowly.
A centaur warrior and a cyclops come into view.
Found a potion of berserk rage.
The centaur warrior shouts!
You hear a roar!
A freezing wraith comes into view.
The centaur zaps a wand.
The puff of flame hits you but does no damage.
The centaur unwields a +2 war axe of electrocution.
It stops crackling.
The centaur wields a +0 shortbow.
The centaur shoots an arrow.
The arrow hits you but does no damage.
The centaur warrior wields a +0 longbow.
The centaur warrior shoots an arrow.
The arrow hits you!!
The centaur warrior shoots an arrow.
The arrow hits you!
* * * LOW HITPOINT WARNING * * *
As you read the scroll of teleportation, it crumbles to dust.
You feel strangely unstable.
The centaur warrior shoots an arrow.
The arrow hits you!
* * * LOW HITPOINT WARNING * * *
The centaur warrior shoots an arrow.
The arrow hits you!
You die...

##########
#.c......#
#'######@#
### #.c
#.###.# .W.c
#.....# ..#..
####..# #
######
#..#######
#### !.
####........#
...# .C
#...........#
..#
##.#........#
..#
#..##.#.#####


You could see a centaur warrior.

Vanquished Creatures
  Pikel (D:9)
  Joseph (D:7)
  A komodo dragon (D:8)
  Maggie (D:6)
  A wind drake (shapeshifter) (D:8)
  2 hornets (D:9)
  Sigmund (D:2)
  2 wraiths
  6 yaks
  3 steam dragons
  Edmund (D:4)
  An acid dragon (D:9)
  2 water moccasins (D:8)
  2 black bears
  An ice beast (D:7)
  A centaur (D:8)
  An ogre (D:4)
  A phantom (D:7)
  2 lemures (D:9)
  A kobold brigand (D:7)
  2 bullfrogs (D:6)
  3 necrophages
  5 scorpions
  10 killer bees (D:9)
  3 howler monkeys (D:8)
  A hound (D:6)
  A gnoll shaman (D:7)
  2 orc priests
  5 iguanas
  Ijyb (D:3)
  5 orc wizards
  Natasha (thrice) (D:2)
  12 gnolls
  6 adders
  2 white imps
  2 ufetubi (D:6)
  4 worms
  2 dart slugs
  18 orcs
  8 bats
  5 endoplasms
  3 giant cockroaches
  7 hobgoblins
  9 kobolds
  6 ball pythons
  4 frilled lizards
  7 goblins
  8 rats
176 creatures vanquished.

Vanquished Creatures (others)
  4 plants (D:8)
4 creatures vanquished.

Grand Total: 180 creatures vanquished

Notes
Turn   | Place    | Note
-------+----------+-------------------------------------------
     0 | D:1      | ultragoat the Gargoyle Earth Elementalist began the quest
                  | for the Orb.
     0 | D:1      | Reached XP level 1. HP: 10/10 MP: 3/3
   364 | D:1      | Reached XP level 2. HP: 15/15 MP: 0/5
   564 | D:1      | Reached skill level 4 in Earth Magic
  1074 | D:1      | Learned a level 2 spell: Passwall
  1178 | D:1      | Found Omno's Weapon Shop.
  1487 | D:2      | Noticed Natasha
  1490 | D:2      | Killed Natasha
  1491 | D:2      | Reached skill level 1 in Transmutations
  1491 | D:2      | Reached XP level 3. HP: 19/19 MP: 2/7
  1547 | D:2      | Learned a level 3 spell: Stone Arrow
  1749 | D:2      | Noticed Natasha
  1753 | D:2      | Killed Natasha
  1754 | D:2      | Reached XP level 4. HP: 24/24 MP: 5/8
  1934 | D:2      | Noticed Natasha
  1937 | D:2      | Killed Natasha
  1941 | D:2      | Found a hazy altar of Hepliaklqana.
  2002 | D:2      | Noticed Sigmund
  2346 | D:4      | Reached skill level 5 in Earth Magic
  2346 | D:4      | Reached XP level 5. HP: 28/28 MP: 5/9
  2351 | D:3      | Reached skill level 1 in Conjurations
  2351 | D:3      | Noticed Ijyb
  2392 | D:4      | Noticed an ogre
  2424 | D:3      | Killed Ijyb
  2537 | D:3      | You fall into a shaft and drop 1 floor!
  2755 | D:3      | Reached XP level 6. HP: 32/32 MP: 9/11
  3165 | D:4      | Found a runed translucent gate.
  3166 | D:4      | Found a runed translucent gate.
  3166 | D:4      | Noticed jifgo's ghost (novice GrFi)
  3170 | D:4      | Found a runed translucent gate.
  3369 | D:4      | Noticed Edmund
  3430 | D:5      | Entered Level 5 of the Dungeon
  3438 | D:5      | Reached XP level 7. HP: 34/36 MP: 9/13
  3867 | D:5      | Learned a level 4 spell: Petrify
  3878 | D:5      | Found a staircase to the Ecumenical Temple.
  3915 | Temple   | Entered the Ecumenical Temple
  3999 | Temple   | Became a worshipper of Vehumet
  4304 | D:5      | Reached skill level 5 in Conjurations
  4750 | D:6      | Reached XP level 8. HP: 34/41 MP: 6/14
  4808 | D:6      | Identified the +10 short sword "Testudine's Death Toll"
                  | {vorpal, SInv}
  4879 | D:6      | Noticed Maggie
  5085 | D:6      | Reached skill level 1 in Fighting
  5177 | D:6      | Reached skill level 1 in Short Blades
  5273 | D:6      | Killed Maggie
  5274 | D:6      | Reached skill level 6 in Earth Magic
  5424 | D:6      | Noticed a two-headed ogre
  5648 | D:7      | Noticed Joseph
  5686 | D:7      | Reached * piety under Vehumet
  5686 | D:7      | Offered knowledge of Shock by Vehumet.
  5704 | D:7      | Identified a scroll of acquirement
  5704 | D:7      | Acquired a book of the Hunter
  5713 | D:7      | Learned a level 4 spell: Leda's Liquefaction
  5863 | D:7      | Reached XP level 9. HP: 49/51 MP: 9/15
  6052 | D:8      | Reached skill level 1 in Hexes
  6369 | D:7      | Killed Joseph
  6650 | D:4      | Killed Edmund
  6829 | D:4      | Reached ** piety under Vehumet
  6829 | D:4      | Offered knowledge of Scorch by Vehumet.
  7295 | D:2      | Killed Sigmund
  7296 | D:2      | Reached skill level 5 in Hexes
  7296 | D:2      | Reached skill level 7 in Earth Magic
  7768 | D:8      | Reached skill level 5 in Spellcasting
  7768 | D:8      | Reached XP level 10. HP: 47/56 MP: 17/17
  7856 | D:8      | Found a staircase to the Lair.
  7863 | D:8      | Reached skill level 8 in Earth Magic
  8362 | D:8      | Reached skill level 5 in Transmutations
  8562 | D:8      | Identified the +9 dagger "Dessihuz" {flame, rPois}
  9374 | D:9      | Reached skill level 9 in Earth Magic
  9456 | D:9      | Noticed Pikel
  9470 | D:9      | Killed Pikel
  9471 | D:9      | Reached XP level 11. HP: 62/62 MP: 15/19
  9509 | D:9      | Noticed a centaur warrior
  9509 | D:9      | Noticed a cyclops
  9516 | D:9      | HP: 3/62 [centaur warrior/arrow (13)]
  9516 | D:9      | Shot with an arrow by a centaur warrior

Illustrated notes

Levels and vault maps discovered:
D:1:      psy_arrival_statuary, layout_loops_corners, serial_shops, shop,
          palyth_stone_intersect, nicolae_concentric_dashed_squares_mild
D:2:      layout_basic, basic_altar, corexii_hall_statues_x, uniq_natasha,
          uniq_sigmund
D:3:      minmay_evil_eye, layout_basic, minmay_starry_boxes, uniq_ijyb
D:4:      layout_basic, gammafunk_ghost_split, kennysheep_nub, uniq_edmund
D:5:      layout_basic, minmay_temple_entry_tees
D:6:      layout_loops_corners, st_stairs_13, uniq_maggie
D:7:      layout_basic, uniq_joseph
D:8:      minmay_chambers_of_fours, layout_loops_ring, david_lair_shrubbed,
          corexii_corridor_pit, minmay_misc_feat_encased
D:9:      layout_rooms, grunt_decor_cap, minmay_evil_grid, uniq_pikel
Temple:   regret_index_temple_chain_breaker

Skill      XL: |  1  2  3  4  5  6  7  8  9 10 |
---------------+-------------------------------+-----
Earth Magic    | 4 5 6 7 9 |  9.0
Transmutations | 1 2 3 4 6 |  6.2
Spellcasting   | 3 4 5 |  5.9
Conjurations   | 1 3 5 |  5.1
Dodging        | 2 3 |  3.5
Fighting       | 3 4 |  4.6
Short Blades   | 2 4 |  4.5
Hexes          | 5 |  5.7
Stealth        | |  2.8
Ice Magic      | |  0.1

Action                   |  1- 3 |  4- 6 |  7- 9 | 10-12 || total
-------------------------+-------+-------+-------+-------++-------
Melee: Unarmed           |     4 |     2 |       |       ||     6
       Short sword       |       |       |    38 |    87 ||   125
       Punch             |       |       |       |     3 ||     3
 Cast: Sandblast         |    38 |    72 |    36 |     9 ||   155
       Stone Arrow       |       |       |    74 |    22 ||    96
       Petrify           |       |       |     1 |     9 ||    10
       Leda's Liquefacti |       |       |     1 |     2 ||     3
Evoke: Wand              |       |       |     2 |     2 ||     4
  Use: Scroll            |     2 |     3 |    10 |     5 ||    20
       Potion            |       |       |     8 |     1 ||     9
 Stab: Distracted        |       |       |     1 |       ||     1
       Petrified         |       |       |     4 |    27 ||    31
       Sleeping          |       |       |     3 |       ||     3
       Petrifying        |       |       |       |     2 ||     2
Armor: Robe              |    13 |    11 |    35 |    32 ||    91
Dodge: Dodged            |    17 |    17 |    37 |    39 ||   110

Table legend: (Time is in decaauts)
 A = Elapsed time spent in this place.
 B = Non-inter-level travel time spent in this place.
 C = Inter-level travel time spent in this place.
 D = Time resting spent in this place.
 E = Time spent auto-exploring this place.
 F = Levels seen in this place.
 G = Mean time per level.
                   A        B        C        D        E       F      G
               +--------+--------+--------+--------+--------+-----+--------+
         Total |   9517 |   9033 |    484 |   1230 |   4626 |  10 |  951.7 |
       Dungeon |   9394 |   8928 |    466 |   1230 |   4545 |   9 | 1043.8 |
        Temple |    122 |    104 |     18 |      0 |     81 |   1 |  122.0 |
               +--------+--------+--------+--------+--------+-----+--------+

Top non-repeatable levels by time:
     D:8: 1389 daAuts
     D:2: 1361 daAuts
     D:1: 1294 daAuts
     D:5: 1171 daAuts
     D:6: 1088 daAuts
     D:4: 903 daAuts
     D:3: 786 daAuts
     D:7: 716 daAuts
     D:9: 682 daAuts
  Temple: 122 daAuts
